 Dungeon Crawl Stone Soup version 0.27-a0-1140-g099f9bb0e8 (webtiles) character file.

Game seed: 12301418751521312497

114 Armakuni the Skirmisher (level 5, -2/44 HPs)
             Began as a Human Wanderer on May 9, 2021.
             Succumbed to Ijyb's poison
             ... on level 3 of the Dungeon.
             The game lasted 00:04:16 (2454 turns).

Armakuni the Skirmisher (Human Wanderer)            Turns: 2454, Time: 00:04:17

Health: -2/44      AC:  5    Str: 14    XL:     5   Next: 18%
Magic:  5/5        EV: 10    Int: 10    God:
Gold:   109        SH:  0    Dex: 14    Spells: 4/4 levels left

rFire    . . .     SeeInvis .   a - +2 quarterstaff
rCold    . . .     Faith    .   (shield currently unavailable)
rNeg     . . .     Spirit   .   b - +0 ring mail
rPois    .         Reflect  .   (no helmet)
rElec    .         Harm     .   (no cloak)
rCorr    .         Rampage  .   (no gloves)
Will     .....                  (no boots)
Stlth    +.........             (no amulet)
HPRegen  0.14/turn              (no ring)
MPRegen  0.09/turn              (no ring)

@: mighty, lethally poisoned (-2 -> -18)
A: no striking features
a: no special abilities


You were on level 3 of the Dungeon.
You visited 1 branch of the dungeon, and saw 3 of its levels.

You collected 109 gold pieces.

Inventory:

Hand Weapons
 a - a +2 quarterstaff (weapon)
Missiles
 d - 10 poisoned darts (quivered)
Armour
 b - a +0 ring mail (worn)
 g - a +0 scale mail


   Skills:
 - Level 5.0 Fighting
 + Level 4.6 Staves
 - Level 1.0 Throwing
 - Level 1.0 Armour
 - Level 1.0 Stealth
 - Level 1.0 Evocations


You had 4 spell levels left.
You didn't know any spells.
Your spell library contained the following spells:

 Spells                   Type           Power      Damage    Failure   Level
 Corona                   Hex            0%         N/A       61%         1
 Magic Dart               Conj           0%         1d3       61%         1
 Blink                    Tloc           N/A        N/A       75%         2
 Call Imp                 Summ           0%         N/A       75%         2
 Ensorcelled Hibernation  Hex/Ice        0%         N/A       75%         2
 Slow                     Hex            0%         N/A       75%         2
 Confusing Touch          Hex            0%         N/A       93%         3
 Conjure Flame            Conj/Fire      0%         6-21      93%         3
 Dazzling Flash           Conj/Hex       0%         N/A       93%         3
 Mephitic Cloud           Conj/Pois/Air  0%         N/A       93%         3
 Tukima's Dance           Hex            0%         N/A       93%         3


Dungeon Overview and Level Annotations

Branches:
Dungeon (3/15)

Altars:

Annotations:
D:2 1 runed translucent door, Crazy Yiuf
D:3 Grinder, Ijyb


Message History

You are more poisoned.
You hit Ijyb.
Ijyb is lightly wounded.
You feel very sick. Ijyb hits you but does no damage.
You feel much better.
You feel very sick.
Ijyb hits you with a +2 dagger of venom.
You are more poisoned.
You aren't carrying any scrolls.
You aren't carrying any items that you can evoke.
You feel very sick.
You feel very sick.
You feel very sick.
You feel sick.
You feel sick.
Ijyb zaps a wand.
The mass of ice explodes!
The iceblast engulfs you!
You hear a shout!
You feel sick.
You feel sick.
You see here a potion of might.
c - a potion of might You feel sick.
You feel sick.
Ijyb hits you with a +2 dagger of venom.
You are more poisoned.
You feel very mighty all of a sudden.
You feel sick.
Ijyb hits you with a +2 dagger of venom.
* * * LOW HITPOINT WARNING * * *
You closely miss Ijyb.
Ijyb is lightly wounded.
* * * LOW HITPOINT WARNING * * *
You feel sick.
Ijyb hits you with a +2 dagger of venom.
* * * LOW HITPOINT WARNING * * *
You are more poisoned.
You sock Ijyb!
Ijyb is severely wounded.
You die...

#.#.####...##.####
#......#......#
######.##.##..####
#.?..............#
#.#####.#......(.#
####..........# #
#..g..#.......#
#.##g##..........#
#..?@...##.......#
####.#####.......#
#.# ######### #.#
#.. ###


You could see Ijyb.

Vanquished Creatures
  Natasha (D:3)
  4 gnolls (D:2)
  2 worms (D:2)
  3 dart slugs
  2 endoplasms
  A giant cockroach (D:2)
  2 goblins
  4 hobgoblins
  5 kobolds
  3 quokkas (D:1)
  4 ball pythons
  4 bats
  2 frilled lizards
  2 rats
39 creatures vanquished.

Notes
Turn   | Place    | Note
-------+----------+-------------------------------------------
     0 | D:1      | Armakuni the Human Wanderer began the quest for the Orb.
     0 | D:1      | Armakuni set off with the following items: a +2
                  | quarterstaff, a +0 ring mail, a potion of lignification
     0 | D:1      | Reached XP level 1. HP: 21/21 MP: 1/1
   178 | D:1      | Reached XP level 2. HP: 7/27 MP: 2/2
   774 | D:1      | Found a faded altar of an unknown god.
   778 | D:1      | Reached XP level 3. HP: 33/33 MP: 3/3
  1426 | D:2      | Reached XP level 4. HP: 39/39 MP: 4/4
  1644 | D:2      | Found a runed translucent door.
  1645 | D:2      | Noticed Crazy Yiuf
  2307 | D:3      | Noticed Grinder
  2403 | D:3      | Noticed Natasha
  2412 | D:3      | Killed Natasha
  2413 | D:3      | Reached XP level 5. HP: 44/44 MP: 5/5
  2437 | D:3      | Noticed Ijyb
  2453 | D:3      | HP: 2/44 [Ijyb/+2 dagger of venom (3)]
  2454 | D:3      | Succumbed to Ijyb's poison

Illustrated notes

Levels and vault maps discovered:
D:1:      co_arrival_random_square_maze, layout_basic, basic_ecumenical_altar,
          minivault_4
D:2:      layout_basic, uniq_crazy_yiuf_cottage
D:3:      layout_loops_cross, uniq_natasha, uniq_grinder, uniq_terence,
          uniq_ijyb

Skill      XL: |  1  2  3  4 |
---------------+-------------+-----
Staves         | 2 3 4 |  4.6
Fighting       | |  5.0
Throwing       | |  1.0
Armour         | |  1.0
Stealth        | |  1.0
Evocations     | |  1.0

Action                   |  1- 3 |  4- 6 || total
-------------------------+-------+-------++-------
Melee: Quarterstaff      |    61 |    47 ||   108
  Use: Scroll            |     4 |     2 ||     6
       Potion            |     5 |     2 ||     7
 Stab: Sleeping          |       |     1 ||     1
Armor: Ring mail         |    15 |    11 ||    26
       Skin              |     7 |       ||     7
Dodge: Dodged            |    39 |    14 ||    53

Table legend: (Time is in decaauts)
 A = Elapsed time spent in this place.
 B = Non-inter-level travel time spent in this place.
 C = Inter-level travel time spent in this place.
 D = Time resting spent in this place.
 E = Time spent auto-exploring this place.
 F = Levels seen in this place.
 G = Mean time per level.
                   A        B        C        D        E       F      G
               +--------+--------+--------+--------+--------+-----+--------+
         Total |   2459 |   2356 |    103 |    658 |   1318 |   3 |  819.7 |
       Dungeon |   2459 |   2356 |    103 |    658 |   1318 |   3 |  819.7 |
               +--------+--------+--------+--------+--------+-----+--------+

Top non-repeatable levels by time:
     D:2: 1336 daAuts
     D:1: 1003 daAuts
     D:3: 119 daAuts
